cohdb
Replays
Latest Replays
All Replays
Popular Replays
Top Player Replays
Match Explorer
How It Works
Community
CoH3 Stats
Reddit
Sign in to upload your games and track your stats! →
Sign in with Steam
Match 44808098
Unlisted
Match 44808098
Overview
Messages
Build Orders
End
Kettenkrad Recon Vehicle
Construct Infanterie Kompanie
Grenadier Squad
MG 42 Machine Gun Team
Construct Luftwaffe Kompanie
Selects Terror Battlegroup
Selects Heavy Gunnery
Jäger Squad
Jäger Squad
221 Scout Car
Selects Contempt for the Weak
Support Elements
Luftwaffe Officer Quarters
Wirbelwind Flakpanzer
Wirbelwind Flakpanzer
Selects Jericho Trumpet
Pioneer Squad
Construct Panzer Kompanie
[Ace] Mango Rage
OKW 1st Guards Motor
YangXYZ
Cmdte. Canela
gxxg TR
Commander Z
Raise your left hand
DarxSokul
0
0
Comments
sign in to comment!
No comments posted yet!